 Dungeon Crawl Stone Soup version 0.20-a0-555-gf6ae02d (webtiles) character file.

37 MirrMurr the Magician (level 3, 0/21 HPs)
             Began as an Octopode Wizard on Feb 6, 2017.
             Slain by a gnoll
             ... wielding a +0 club
              (1 damage)
             ... on level 2 of the Dungeon.
             The game lasted 00:04:13 (1969 turns).

MirrMurr the Magician (Octopode Wizard)             Turns: 1969, Time: 00:04:14

Health: 0/21       AC:  1    Str:  6    XL:     3   Next: 41%
Magic:  1/8        EV: 13    Int: 21    God:
Gold:   73         SH:  0    Dex: 10    Spells: 0/9 levels left

rFire    . . .     SeeInvis .   g - +0 whip
rCold    . . .     Gourm    .   (no shield)
rNeg     . . .     Faith    .   a - +0 hat
rPois    .         Spirit   .   (no amulet)
rElec    .         Reflect  .   (no ring)
rCorr    .         Harm     .   (no ring)
MR       .....                  (no ring)
Stlth    +++.......             (no ring)
Regen    0.1/turn               (no ring)
                                (no ring)
                                (no ring)
                                (no ring)

@: very slightly contaminated
A: almost no armour, stealthy swim, amphibious, 8 rings, constrict 8, camouflage
1, gelatinous body 1
a: no special abilities


You were on level 2 of the Dungeon.
You were not hungry.

You visited 1 branch of the dungeon, and saw 2 of its levels.

You collected 73 gold pieces.

Inventory:

Hand Weapons
 g - a +0 whip (weapon)
Missiles
 d - 46 stones (quivered)
 e - a throwing net
Armour
 a - a +0 hat (worn)
Scrolls
 r - 2 scrolls of remove curse
Books
 b - a book of Minor Magic

   Spells                             Type                      Level
   a - Magic Dart                     Conjuration                  1
   b - Blink                          Translocation                2
   c - Call Imp                       Summoning                    2
   d - Repel Missiles                 Charms/Air                   2
   e - Slow                           Hexes                        2
   f - Conjure Flame                  Conjuration/Fire             3
   g - Mephitic Cloud                 Conjuration/Poison/Air       3
Comestibles
 c - 2 bread rations
 f - a meat ration
 h - a fruit
 i - 3 chunks of flesh


   Skills:
 - Level 2.0 Dodging
 - Level 2.6 Stealth
 * Level 3.9 Spellcasting
 + Level 1.6 Conjurations
   Level 1.0 Summonings
 - Level 1.0 Translocations


You couldn't memorise any spells.
You knew the following spells:

 Your Spells              Type           Power        Failure   Level  Hunger
a - Magic Dart            Conj           ##..         8%          1    None
b - Blink                 Tloc           N/A          12%         2    #......
c - Conjure Flame         Conj/Fire      #.......     30%         3    ###....
m - Mephitic Cloud        Conj/Pois/Air  #.......     30%         3    ###....


Dungeon Overview and Level Annotations

Branches:
Dungeon (2/15)

Altars:

Annotations:
D:1 exclusion: door


Innate Abilities, Weirdness & Mutations

You cannot wear most types of armour.
You are very stealthy in the water. (Stealth+)
You are amphibious.
You can wear up to eight rings at the same time.
You can use your tentacles to constrict eight enemies at once.
Your skin changes colour to match your surroundings (Stealth+).
Your rubbery body absorbs attacks. (AC +1, EV +1)


Message History

The gnoll is moderately wounded.
You constrict the gnoll, but do no damage.
The gnoll misses you.
Casting: Magic Dart
Confirm with . or Enter, or press ? or * to list all spells.
Aiming: Magic Dart
Press: ? - help, Shift-Dir - straight line, f/p - gnoll
Aim: a gnoll, wielding a club (moderately wounded, constricted by you)
The magic dart hits the gnoll.
The gnoll is heavily wounded.
You constrict the gnoll. The gnoll closely misses you.
Casting: Magic Dart
Confirm with . or Enter, or press ? or * to list all spells.
Aiming: Magic Dart
Press: ? - help, Shift-Dir - straight line, f/p - gnoll
Aim: a gnoll, wielding a club (severely wounded, constricted by you)
The magic dart hits the gnoll.
The gnoll is almost dead.
You constrict the gnoll. The gnoll hits you with a club.
You die...

#.# #.#.. #.# #.#.#
##.#### #.#.#
......# #.#.#
##.##.# #.#.#
##.##.######.#.####
..................#
...##.########.#..#
#####.# #.#@.# #.#
..#g.# #..
####..#### ##.
#........# .#
#.######.# .# #...#
# .# ###.# #...# #
#)########


You could see a gnoll.

Vanquished Creatures
  A gnoll (D:2)
  An ooze (D:1)
  A goblin (D:1)
  5 hobgoblins
  6 jackals
  2 bats
  3 kobolds (D:1)
  4 rats
23 creatures vanquished.

Notes
Turn   | Place    | Note
-------+----------+-------------------------------------------
     0 | D:1      | MirrMurr the Octopode Wizard began the quest for the Orb.
     0 | D:1      | Reached XP level 1. HP: 11/11 MP: 4/4
   406 | D:1      | Reached XP level 2. HP: 9/17 MP: 1/6
   665 | D:1      | Learned a level 2 spell: Blink
  1466 | D:1      | Reached XP level 3. HP: 3/21 MP: 5/8
  1828 | D:2      | Learned a level 3 spell: Conjure Flame
  1832 | D:2      | Learned a level 3 spell: Mephitic Cloud
  1966 | D:2      | HP: 1/21 [gnoll/club (5)]
  1969 | D:2      | Slain by a gnoll

Vault maps used:
D:1:      evilmike_arrival_run_for_it
D:2:      first_bread, bh_walls_and_bars

Action                   || total
-------------------------++-------
Melee: Whip              ||    31
       Tentacles         ||     4
       Unarmed           ||     1
       Constrict         ||     7
 Cast: Magic Dart        ||    47
       Mephitic Cloud    ||     1
  Use: Scroll            ||     2
 Stab: Sleeping          ||     1
  Eat: Chunk             ||     3
Armor: Skin              ||     6
Dodge: Dodged            ||    44
